 Dungeon Crawl Stone Soup version 0.23.2 (webtiles) character file.

Game seed: 6006829955483487096

5414 Menchi the Cleaver (level 10, -19/88 HPs)
             Began as a Ghoul Fighter on Apr 4, 2019.
             Was a Priest of Nemelex Xobeh.
             Demolished by a tengu warrior
             ... wielding a +0 battleaxe
              (22 damage)
             ... on level 9 of the Dungeon.
             The game lasted 00:31:34 (6349 turns).

Menchi the Cleaver (Ghoul Fighter)                  Turns: 6349, Time: 00:31:35

Health: -19/88     AC:  9    Str: 23    XL:     10   Next: 67%
Magic:  18/18      EV: 11    Int:  4    God:    Nemelex Xobeh [***...]
Gold:   281        SH:  0    Dex:  8    Spells: 9/9 levels left

rFire    + + .     SeeInvis +   L - +3 morningstar of Buxuecw {crush, *Noise rPois rF+ rC+}
rCold    + . .     Gourm    .   (no shield)
rNeg     + + +     Faith    .   J - +6 scale mail "Nonicseq" {rElec rF+ rC- rN+}
rPois    ∞         Spirit   .   i - +1 helmet
rElec    +         Reflect  .   w - +1 cloak
rCorr    .         Harm     .   H - +0 pair of gloves
MR       .....                  h - +0 pair of boots
Stlth    ..........             (no amulet)
HPRegen  0.00/turn              e - ring of magical power
MPRegen  0.16/turn              E - ring of see invisible

@: corroded, rotting
A: rotting body, claws 1, carnivore, cold resistance 1, negative energy
resistance 3, inhibited regeneration, torment resistance, unbreathing
a: Draw Escape, Draw Destruction, Draw Summoning, Triple Draw, Renounce Religion


You were on level 9 of the Dungeon.
You worshipped Nemelex Xobeh.
Nemelex Xobeh was most pleased with you.
You were not hungry.

You visited 1 branch of the dungeon, and saw 9 of its levels.

You collected 480 gold pieces.
You spent 199 gold pieces at shops.

Inventory:

Hand Weapons
 t - a +3 hand axe of electrocution
 L - the +3 morningstar of Buxuecw (weapon) {crush, *Noise rPois rF+ rC+}
   (You found it on level 9 of the Dungeon)

   It inflicts extra damage upon your enemies.
   It protects you from fire.
   It protects you from cold.
   It protects you from poison.
   It may make noises in combat.
Armour
 h - a +0 pair of boots (worn)
 i - a +1 helmet (worn)
 w - a +1 cloak (worn)
 H - a +0 pair of gloves (worn)
 J - the +6 scale mail "Nonicseq" (worn) {rElec rF+ rC- rN+}
   (You found it on level 8 of the Dungeon)

   It protects you from fire.
   It makes you vulnerable to cold.
   It insulates you from electricity.
   It protects you from negative energy.
Jewellery
 e - a ring of magical power (left hand)
 E - a ring of see invisible (right hand)
 F - an uncursed ring of magical power
 K - an uncursed ring of magical power
Wands
 a - a wand of random effects (10)
 v - a wand of polymorph (8)
Scrolls
 b - 2 scrolls of magic mapping
 m - 5 scrolls of amnesia
 o - 6 scrolls of remove curse
 s - a scroll of fear
 u - 3 scrolls of identify {unknown}
 x - a scroll of blinking
 B - a scroll of enchant weapon
 D - 2 scrolls of noise {unknown}
 G - a scroll of teleportation
Potions
 c - 3 potions of might
 f - 2 potions of brilliance {unknown}
 g - 2 potions of invisibility {unknown}
 j - 2 potions of heal wounds {unknown}
 k - 2 potions of agility {unknown}
 l - a potion of ambrosia {unknown}
 n - 3 potions of mutation {unknown}
 p - 3 potions of lignification {unknown}
 q - a potion of resistance {unknown}
 r - 2 potions of haste
 z - a potion of flight {unknown}
 A - a potion of magic {unknown}
 I - 2 potions of curing {unknown}
Comestibles
 d - 24 rations


   Skills:
 * Level 8.1 Fighting
 * Level 9.1 Axes
 + Level 0.2(5.6) Maces & Flails
 * Level 8.3 Armour
 + Level 3.3 Dodging
   Level 2.6 Shields
 - Level 3.7 Unarmed Combat
 + Level 1.1 Evocations


You had 9 spell levels left.
You didn't know any spells.
Your spell library contained the following spells:

 Spells                   Type           Power        Failure   Level  Hunger
 Confusing Touch          Hex            #.....       77%         1    ##.....
 Summon Small Mammal      Summ           #...         77%         1    ##.....
 Call Imp                 Summ           #.......     88%         2    ###....
 Call Canine Familiar     Summ           #.......     98%         3    ####...
 Confuse                  Hex            #.......     98%         3    ####...
 Gell's Gravitas          Tloc           #.........   98%         3    ####...
 Summon Guardian Golem    Hex/Summ       #.......     98%         3    ####...
 Petrify                  Tmut/Erth      #.......     100%        4    #####..
 Summon Ice Beast         Ice/Summ       #.......     100%        4    #####..
 Summon Lightning Spire   Summ/Air       #.......     100%        4    #####..
 Metabolic Englaciation   Hex/Ice        #.........   100%        5    ######.
 Yara's Violent Unravell  Hex/Tmut       #.........   100%        5    ######.


Dungeon Overview and Level Annotations

Branches:
Dungeon (9/15)             Temple (0/1) D:7
   Lair: D:8-11         Orc: D:9-12

Altars:
Ashenzari
Fedhas
Gozag
Nemelex Xobeh
Qazlal
Sif Muna
Trog
Uskayaw
Vehumet
Wu Jian
Xom

Shops:
D:5 [

Annotations:
D:4 exclusion: statue


Innate Abilities, Weirdness & Mutations

Your body is rotting away.
You thrive on raw meat.
You are immune to poison.
You have sharp fingernails.
You are carnivorous and can eat meat at any time.
Your flesh is cold resistant. (rC+)
You are immune to negative energy. (rN+++)
You do not regenerate when monsters are visible.
You are immune to unholy pain and torment.
You can survive without breathing.


Message History

You draw a card...
You have drawn the Tomb.
Walls emerge from the floor!
The tengu warrior hits you with a +0 battleaxe!
The tengu warrior pecks you.
* * * LOW HITPOINT WARNING * * *
The tengu warrior claws you but does no damage.
The rust devil hits you. The rust devil corrodes you!
The tengu warrior hits you with a +0 battleaxe!!
* * * LOW HITPOINT WARNING * * *
The tengu warrior barely misses you. The tengu warrior closely misses you.
Your scale mail "Nonicseq" prevents you from hitting the rust devil.
You hear a hideous screaming!
The rust devil is moderately wounded.
You hear a shout! x2
The tengu warrior is no longer moving quickly.
The rust devil hits you.
* * * LOW HITPOINT WARNING * * *
The rust devil corrodes you!
The tengu warrior hits you with a +0 battleaxe!!
You die...
Your body disappears without a glow.

....#........ ...#........
... ........... ....
#..........
....##....c.....
.............%. ........
####....#Q#..######.......
.......O4@#.......#.......
........####......#.......
..........##......#.......
^.................#.......
........#....#..).#.......
........#........).......#
........#......##........#
.....!..#......##......<.#
........#................#


You could see a tengu warrior, a centaur warrior, a two-headed ogre and a rust
devil.

Vanquished Creatures
  Harold (D:8)
  Pikel (D:4)
  A kobold demonologist (D:9)
  Prince Ribbit (D:6)
  Sigmund (D:6)
  A vampire (D:9)
  Eustachio (D:6)
  A wyvern (D:6)
  A hungry ghost (D:8)
  4 hogs (D:7)
  A human (D:7)
  A water moccasin (D:7)
  An ice beast (D:7)
  3 sky beasts
  A centaur (D:8)
  A crocodile (D:7)
  A big kobold (D:5)
  2 bullfrogs
  5 howler monkeys
  A crimson imp (D:9)
  A centaur zombie (D:5)
  2 bullfrog zombies
  3 hounds
  3 orc wizards
  3 bullfrog skeletons
  An orc priest (D:7)
  Crazy Yiuf (D:3)
  2 iguanas
  Ijyb (D:3)
  13 worker ants
  A hound zombie (D:7)
  A howler monkey skeleton (D:5)
  8 adders
  2 shadow imps
  2 oozes
  2 adder skeletons (D:7)
  2 worms
  6 leopard geckos
  23 orcs
  5 giant cockroaches
  7 goblins
  12 hobgoblins
  13 jackals
  A quokka (D:3)
  A ball python (D:3)
  9 bats
  4 frilled lizards
  A jackal skeleton (D:5)
  16 kobolds
  3 leopard gecko skeletons
  5 rats
184 creatures vanquished.

Vanquished Creatures (collateral kills)
  An ugly thing (D:9)
  An orc priest (D:9)
  A quokka (D:9)
3 creatures vanquished.

Vanquished Creatures (others)
  An orc (D:4)
1 creature vanquished.

Grand Total: 188 creatures vanquished

Notes
Turn   | Place    | Note
-------+----------+-------------------------------------------
     0 | D:1      | Menchi the Ghoul Fighter began the quest for the Orb.
     0 | D:1      | Reached XP level 1. HP: 19/19 MP: 0/0
   185 | D:1      | Reached XP level 2. HP: 26/26 MP: 1/1
   720 | D:1      | Reached XP level 3. HP: 31/31 MP: 2/2
  1092 | D:2      | Reached XP level 4. HP: 35/40 MP: 3/3
  1556 | D:3      | Reached XP level 5. HP: 46/46 MP: 4/4
  1609 | D:3      | Reached skill level 1 in Dodging
  1945 | D:3      | Found a runed translucent door.
  1946 | D:3      | Noticed Crazy Yiuf
  1980 | D:3      | Found a sparkling altar of Nemelex Xobeh.
  1997 | D:3      | Became a worshipper of Nemelex Xobeh the Trickster
  2012 | D:3      | Received a gift from Nemelex Xobeh
  2379 | D:3      | Noticed Ijyb
  2390 | D:3      | Killed Ijyb
  2640 | D:3      | Killed Crazy Yiuf
  2640 | D:3      | Reached XP level 6. HP: 52/52 MP: 5/5
  2680 | D:4      | Noticed a slave
  2681 | D:4      | Noticed a slave
  2681 | D:4      | Noticed Pikel
  2682 | D:4      | Noticed a slave
  2773 | D:4      | Found a radiant altar of Vehumet.
  2794 | D:4      | Noticed a slave
  2807 | D:4      | Killed Pikel
  2807 | D:4      | Reached skill level 2 in Axes
  2807 | D:4      | Reached skill level 5 in Armour
  2807 | D:4      | Reached XP level 7. HP: 59/60 MP: 6/6
  2860 | D:4      | Reached skill level 5 in Fighting
  2956 | D:4      | Reached * piety under Nemelex Xobeh
  3021 | D:4      | Found a shimmering altar of Xom.
  3115 | D:4      | Found a blossoming altar of Fedhas.
  3310 | D:4      | You fall through a shaft for 2 floors!
  3310 | D:6      | Noticed Sigmund
  3351 | D:6      | Reached skill level 3 in Axes
  3356 | D:6      | Killed Sigmund
  3356 | D:6      | Reached XP level 8. HP: 48/68 MP: 7/7
  3478 | D:5      | Entered Level 5 of the Dungeon
  3478 | D:5      | Found Nimomotifri's Antique Armour Shop.
  3501 | D:5      | Reached skill level 4 in Axes
  3551 | D:5      | Bought a shimmering chain mail for 199 gold pieces
  3561 | D:5      | Identified the cursed +1 chain mail of Ewkaegh {Int+5
                  | Dex+2} (You bought it in a shop on level 5 of the Dungeon)
  3855 | D:5      | Found an opulent altar of Gozag.
  3855 | D:5      | Found a deep blue altar of Sif Muna.
  4047 | D:5      | Found a stormy altar of Qazlal.
  4092 | D:6      | Reached ** piety under Nemelex Xobeh
  4224 | D:6      | Reached skill level 5 in Axes
  4275 | D:6      | Noticed Eustachio
  4279 | D:6      | Noticed a wyvern
  4374 | D:6      | Received a gift from Nemelex Xobeh
  4378 | D:6      | Noticed Prince Ribbit
  4386 | D:6      | Killed Prince Ribbit
  4386 | D:6      | Reached XP level 9. HP: 42/75 MP: 8/8
  4444 | D:6      | Killed Eustachio
  4444 | D:6      | Reached skill level 6 in Axes
  4828 | D:7      | Found a staircase to the Ecumenical Temple.
  4876 | D:7      | Found a sparkling altar of Nemelex Xobeh.
  4893 | D:7      | Found a hide-covered altar of Uskayaw.
  4907 | D:7      | Found an ornate altar of the Wu Jian Council.
  4907 | D:7      | Found a shattered altar of Ashenzari.
  4926 | D:7      | Got a dazzling fustibalus
  4927 | D:7      | Identified the +8 fustibalus of Puolleodgh {freeze, Dex+3}
                  | (You found it on level 7 of the Dungeon)
  5042 | D:7      | Reached skill level 7 in Axes
  5049 | D:7      | Reached skill level 1 in Evocations
  5264 | D:7      | Reached *** piety under Nemelex Xobeh
  5321 | D:7      | Received a gift from Nemelex Xobeh
  5366 | D:7      | Reached XP level 10. HP: 73/86 MP: 9/9
  5529 | D:8      | Reached skill level 8 in Axes
  5753 | D:8      | Found a bloodstained altar of Trog.
  5772 | D:8      | Got a twisted scale mail
  5783 | D:8      | Identified the +6 scale mail "Nonicseq" {rElec rF+ rC- rN+}
                  | (You found it on level 8 of the Dungeon)
  5824 | D:8      | Got a scorched trident
  5825 | D:8      | Identified the +3 trident of the Many Beggars {drain,
                  | Fragile rN+ Int+8} (You found it on level 8 of the Dungeon)
  6177 | D:9      | Received a gift from Nemelex Xobeh
  6177 | D:9      | Noticed Harold
  6197 | D:8      | Killed Harold
  6248 | D:9      | Noticed a kobold demonologist
  6262 | D:9      | Killed a kobold demonologist
  6303 | D:9      | Got a dazzling morningstar
  6304 | D:9      | Identified the +3 morningstar of Buxuecw {crush, *Noise
                  | rPois rF+ rC+} (You found it on level 9 of the Dungeon)
  6309 | D:9      | Noticed a red ugly thing
  6317 | D:9      | Killed a red ugly thing
  6317 | D:9      | Reached skill level 9 in Axes
  6324 | D:9      | Noticed a tengu warrior
  6342 | D:9      | Noticed a two-headed ogre
  6343 | D:9      | Noticed a rust devil
  6345 | D:9      | Noticed a centaur warrior
  6349 | D:9      | HP: 3/88 [rust devil[the player character] (3)]
  6349 | D:9      | Demolished by a tengu warrior

Skill      XL: |  1  2  3  4  5  6  7  8  9 10 |
---------------+-------------------------------+-----
Armour         | 3 4 5 6 7 8 |  8.3
Unarmed Combat | 3 |  3.7
Dodging        | 1 2 3 |  3.3
Fighting       | 4 5 6 7 8 |  8.1
Axes           | 2 3 5 7 9 |  9.1
Evocations     | 1 |  1.1
Maces & Flails | |  0.2
Shields        | |  2.6

Action                   |  1- 3 |  4- 6 |  7- 9 | 10-12 || total
-------------------------+-------+-------+-------+-------++-------
Melee: Unarmed           |   133 |    88 |       |       ||   221
       Punch             |     1 |     1 |     6 |     3 ||    11
       Hand axe          |       |    46 |   246 |    44 ||   336
       Trident           |       |       |       |    44 ||    44
       Morningstar       |       |       |       |    23 ||    23
 Abil: Draw Destruction  |       |     7 |     3 |     6 ||    16
       Draw Escape       |       |       |     2 |     1 ||     3
       Draw Summoning    |       |       |       |     3 ||     3
Evoke: Wand              |       |       |     8 |       ||     8
  Use: Scroll            |     1 |       |     7 |       ||     8
  Eat: Chunk             |    12 |    13 |    43 |    18 ||    86
       Ration            |       |     1 |       |       ||     1
Armor: Scale mail        |    63 |    74 |    37 |    68 ||   242
       Chain mail        |       |       |   130 |    14 ||   144
Dodge: Dodged            |    63 |    60 |   150 |    59 ||   332
